 Dungeon Crawl Stone Soup version 0.29.1-13-g9f3cf754e1 (webtiles) character file.

Game seed: 6283742908180040181

272 protoss039 the Digger (level 6, 47/47 HPs)
             Began as a Demonspawn Earth Elementalist on Feb 9, 2023.
             Got out of the dungeon alive.
             The game lasted 00:05:21 (4129 turns).

protoss039 the Digger (DsEE)                        Turns: 4129, Time: 00:05:22

Health: 47/47      AC:  3    Str:  8    XL:     6   Next: 2%
Magic:  11/11      EV: 16    Int: 18    God:
Gold:   141        SH:  0    Dex: 14    Spells: 9/12 levels left

rFire   . . .      SeeInvis .   v - +2 dagger (venom)
rCold   . . .      Faith    .   (no shield)
rNeg    . . .      Spirit   .   a - +0 robe
rPois   .          Reflect  .   (helmet restricted)
rElec   .          Harm     .   (no cloak)
rCorr   .          Rampage  .   (no gloves)
Will    +....                   h - +0 pair of boots
Stlth   ++........              (no amulet)
HPRegen 0.15/turn               g - ring of willpower
MPRegen 0.12/turn               n - +4 ring of evasion

@: no status effects
A: antennae 1, powered by death 2
a: no special abilities


You escaped.
You visited 1 branch of the dungeon, and saw 4 of its levels.

You collected 141 gold pieces.

Inventory:

Hand Weapons
 l - a +0 short sword of draining
 v - a +2 dagger of venom (weapon)
 x - the +7 trident "Adaavah" {freeze, Int+3}
   (You found it on level 4 of the Dungeon)

   It freezes those it strikes, dealing additional cold damage.
   It can also slow down cold-blooded creatures.
   Int:       It affects your intelligence (+3).
Armour
 a - a +0 robe (worn)
 h - a +0 pair of boots (worn)
Jewellery
 g - a ring of willpower (left hand)
 n - a +4 ring of evasion (right hand)
 w - a ring of fire
Scrolls
 c - 2 scrolls of identify {unknown}
 e - 2 scrolls of brand weapon {unknown}
 j - 2 scrolls of fear {unknown}
 m - 2 scrolls of fog {unknown}
 p - 2 scrolls of poison {unknown}
 q - a scroll of torment {unknown}
 s - a scroll of immolation {unknown}
 t - 3 scrolls of amnesia {unknown}
 u - 3 scrolls of blinking {unknown}
Potions
 b - 2 potions of magic
 d - 2 potions of lignification {unknown}
 f - 4 potions of brilliance {unknown}
 i - a potion of ambrosia {unknown}
 k - 3 potions of curing {unknown}
 o - 2 potions of haste {unknown}
 r - a potion of cancellation {unknown}


   Skills:
 + Level 3.1 Fighting
 - Level 1.7 Dodging
 - Level 1.7 Stealth
 + Level 3.7 Spellcasting
 - Level 0.8 Transmutations
 + Level 4.2 Earth Magic


You had 9 spell levels left.
You knew the following spells:

 Your Spells              Type           Power      Damage    Failure   Level
a - Sandblast             Erth           36%        2d10      2%          1
b - Passwall              Tmut/Erth      10%        N/A       9%          2

Your spell library contained the following spells:

 Spells                   Type           Power      Damage    Failure   Level
 Stone Arrow              Conj/Erth      20%        3d8       19%         3
 Ensorcelled Hibernation  Hex/Ice        6%         N/A       22%         2
 Spider Form              Tmut/Pois      4%         N/A       36%         3
 Petrify                  Tmut/Erth      12%        N/A       47%         4
 Anguish                  Hex/Necr       1%         N/A       83%         4


Dungeon Overview and Level Annotations

Branches:
Dungeon (4/15) Zot: 19819
 Temple: D:4-7

Altars:
Hepliaklqana
Nemelex Xobeh

Shops:
D:4 *


Innate Abilities, Weirdness & Mutations

You have a pair of small antennae on your head.
You regenerate health from kills.


Message History

Aim: an adder (asleep, 100% to hit)
The blast of sand hits the adder!
The adder is severely wounded.
The adder hisses angrily.
Unknown command.
Casting: Sandblast (safe; 2% risk of failure)
Confirm with . or Enter, or press ? or * to list all spells.
Aiming: Sandblast (safe; 2% risk of failure)
Press: ? - help, Shift-Dir - straight line, f/p - adder
Aim: an adder (severely wounded, 70% to hit)
The blast of sand hits the adder!
You kill the adder!
You have reached level 6!
Your demonic ancestry asserts itself...
A pair of antennae grows on your head!
Done exploring.
(D) Dungeon
Where to? (Enter - D:3 @ (x,y), ? - help)
What level of the Dungeon? (default 1, ? - help)
There is an open door here.
There is a stone staircase leading up here.
You climb upwards.
There is a stone staircase leading down here.
There is a stone staircase leading up here.
You climb upwards.
There is a stone staircase leading down here.
There is a stone staircase leading up here.
You climb upwards.
There is a stone staircase leading down here.
There is an empty arch of ancient stone here.
You see here a +0 leather armour.
There is a staircase leading out of the dungeon here.
Are you sure you want to leave the Dungeon?
This will make you lose the game! [Y]es or [N]o only, please.
Are you sure you want to leave the Dungeon?
This will make you lose the game!
Alright, then stay!
Okay, then.
Unknown command.
Are you sure you want to leave the Dungeon?
This will make you lose the game!
You have escaped!

#.#.# #.# ###...............♣#
#.#.# #.# #.∩................#
#.#.###.# ##∩#...............##
##....##.# #.....♣.....⌠......#
......##.###♣................#∩##
#..........#♣....[.........♣###.#
#.###.##...##..............####..
#.# #.......#~.............#.....
#.###..#....###.@.(....♣..♣###.#.
.........##...##...........##.##.
#...#..####...###..♣....♣.##.....
###....####...#############.#.##.
##................##.###..##.#.
##..#####.###.........#..###..
#........# #............# ##.
##.#####.###.##........######
#.#####.....#...............


There were no monsters in sight!

Vanquished Creatures
  2 hounds (D:4)
  A jelly (D:4)
  10 adders
  3 worms
  2 dart slugs (D:1)
  2 orcs
  4 bats
  4 endoplasms
  4 giant cockroaches
  7 goblins
  5 hobgoblins
  7 jackals
  8 quokkas
  6 ball pythons
  2 frilled lizards
  11 kobolds
  4 rats
82 creatures vanquished.

Notes
Turn   | Place    | Note
-------+----------+-------------------------------------------
     0 | D:1      | protoss039 the Demonspawn Earth Elementalist began the
                  | quest for the Orb.
     0 | D:1      | Reached XP level 1. HP: 13/13 MP: 3/3
   343 | D:1      | Gained mutation: You regenerate a little health from kills.
                  | [demonic ancestry]
   343 | D:1      | Reached XP level 2. HP: 20/20 MP: 3/5
   402 | D:1      | Reached skill level 1 in Fighting
   418 | D:1      | Reached skill level 3 in Earth Magic
  1051 | D:1      | Learned a level 2 spell: Passwall
  1092 | D:2      | Reached XP level 3. HP: 19/26 MP: 2/6
  1833 | D:2      | Gained mutation: You regenerate health from kills. [demonic
                  | ancestry]
  1833 | D:2      | Reached XP level 4. HP: 33/33 MP: 6/8
  2435 | D:3      | Found a sparkling altar of Nemelex Xobeh.
  2996 | D:4      | Reached XP level 5. HP: 39/39 MP: 5/9
  3338 | D:4      | Reached skill level 4 in Earth Magic
  3544 | D:4      | Found Ilent's Serpentskin Sales.
  3780 | D:4      | Identified the +7 trident "Adaavah" {freeze, Int+3}
  3877 | D:4      | Found a hazy altar of Hepliaklqana.
  4032 | D:4      | Gained mutation: You have a pair of small antennae on your
                  | head. [demonic ancestry]
  4032 | D:4      | Reached XP level 6. HP: 47/47 MP: 8/11
  4129 | D:$      | Got out of the dungeon alive.

Illustrated notes

Levels and vault maps discovered:
D:1:      nzn_arrival_settlement, layout_loops_ring, minmay_pentomino_r4
D:2:      layout_loops_ring, minivault_14
D:3:      layout_basic, mainiacjoe_overflow_24_doors, minivault_25,
          chequers_serial_rivers_room_a
D:4:      layout_basic, tso_altar, nzn_hepliaklqana_mist_gate,
          hangedman_abyss_or_decor_passed, guppyfry_shop_venom

Skill      XL: |  1  2  3  4  5 |
---------------+----------------+-----
Fighting       | 1 2 3 |  3.1
Earth Magic    | 3 4 |  4.2
Spellcasting   | 3 |  3.7
Dodging        | |  1.7
Stealth        | |  1.7
Transmutations | |  0.8

Action                   |  1- 3 |  4- 6 || total
-------------------------+-------+-------++-------
Melee: Club              |    12 |       ||    12
       Short sword       |    57 |    38 ||    95
       Punch             |     4 |       ||     4
       Dagger            |       |    28 ||    28
 Cast: Sandblast         |    33 |    48 ||    81
 Stab: Sleeping          |     3 |     3 ||     6
       Distracted        |       |     2 ||     2
Armor: Robe              |    18 |    17 ||    35
Dodge: Dodged            |    69 |    79 ||   148
